PA
CALDWELL CHIEFS @ PROVO MANGO
09/02/2037
 
TOP OF THE 1ST
Caldwell Chiefs batting - Pitching for Provo Mango : LHP Takejiro Masuda
Pitching: LHP Takejiro Masuda
Batting: RHB Junji Ito 0-0: Ball
1-0: Called Strike
1-1: Ball
2-1: Ball
3-1: Base on Balls
Batting: RHB Miguel Contreras 0-0: Called Strike
0-1: Foul Ball, location: 2F
0-2: Ball
1-2: Strikes out swinging
Batting: RHB Chris McBride 0-0: TRIPLE (Flyball, 89XD, EV 97.5 MPH)
Junji Ito scores
Batting: RHB Daron Mack 0-0: Foul Ball, location: 2F
0-1: Called Strike
0-2: Ball
1-2: Strikes out looking
Batting: RHB Josip Primorac 0-0: Foul Ball, location: 2F
0-1: Ground out 6-3 (Groundball, 6, EV 107.5 MPH)
Top of the 1st over - 1 run, 1 hit, 0 errors, 1 left on base; Caldwell 1 - Provo 0
BOTTOM OF THE 1ST
Provo Mango batting - Pitching for Caldwell Chiefs : RHP Lloyd Stinson
Pitching: RHP Lloyd Stinson
Batting: LHB Kyle Mullens 0-0: Ball
1-0: Called Strike
1-1: Fly out, F9 (Flyball, 9, EV 88.1 MPH)
Batting: RHB Kian Hook 0-0: Ball
1-0: Ball
2-0: Foul Ball, location: 2F
2-1: Foul Ball, location: 2F
2-2: Strikes out swinging
Batting: LHB Yin-fat Fou 0-0: Swinging Strike
0-1: Ball
1-1: Ball
2-1: Ball
3-1: Base on Balls
Batting: LHB Braxton Cottongame 0-0: Called Strike
0-1: Ball
1-1: Ball
2-1: Ball
3-1: Swinging Strike
3-2: Base on Balls
Yin-fat Fou to second
Batting: RHB Ding-bong Wang 0-0: Ball
1-0: Foul Ball, location: 2F
1-1: Ball
2-1: Foul Ball, location: 2F
2-2: Strikes out swinging
Bottom of the 1st over - 0 runs, 0 hits, 0 errors, 2 left on base; Caldwell 1 - Provo 0
TOP OF THE 2ND
Caldwell Chiefs batting - Pitching for Provo Mango : LHP Takejiro Masuda
Batting: RHB Ricardo Urby 0-0: Ball
1-0: Ball
2-0: Called Strike
2-1: Fly out, F8 (Flyball, 89XD, EV 103.1 MPH)
Batting: RHB Sayed Walid 0-0: Swinging Strike
0-1: Swinging Strike
0-2: Foul Ball, location: 2F
0-2: Foul Ball, location: 2F
0-2: Strikes out swinging
Batting: RHB Dean Shamakani 0-0: Called Strike
0-1: Ball
1-1: Ball
2-1: SINGLE (Groundball, 4MD, EV 102.5 MPH)
Batting: RHB Jacob King 0-0: Foul Ball, location: 2F
0-1: Foul Ball, location: 2F
0-2: Ball
1-2: Foul Ball, location: 2F
1-2: Foul Ball, location: 2F
1-2: Fielders Choice at 2nd, 6-4 (Groundball, 6, EV 86.2 MPH)
Top of the 2nd over - 0 runs, 1 hit, 0 errors, 1 left on base; Caldwell 1 - Provo 0
BOTTOM OF THE 2ND
Provo Mango batting - Pitching for Caldwell Chiefs : RHP Lloyd Stinson
Batting: RHB Paul Prichard 0-0: Ball
1-0: Called Strike
1-1: Foul Ball, location: 2F
1-2: Strikes out swinging
Batting: RHB Jesús Espinoza 0-0: Called Strike
0-1: Foul Ball, location: 2F
0-2: Strikes out swinging
Batting: SHB Will Hamilton 0-0: Called Strike
0-1: Ball
1-1: SINGLE (Flyball, 89M, EV 92.5 MPH)
Batting: RHB Charley Foijens 0-0: Ground out 5-3 (Groundball, 56S, EV 86.2 MPH)
Bottom of the 2nd over - 0 runs, 1 hit, 0 errors, 1 left on base; Caldwell 1 - Provo 0
TOP OF THE 3RD
Caldwell Chiefs batting - Pitching for Provo Mango : LHP Takejiro Masuda
Batting: RHB Junji Ito 0-0: Called Strike
0-1: Ball
1-1: Ball
2-1: Ball
3-1: Swinging Strike
3-2: Fly out, F7 (Flyball, 7LMF, EV 103.8 MPH)
Batting: RHB Miguel Contreras 0-0: Ball
1-0: Ball
2-0: Foul Ball, location: 2F
2-1: Swinging Strike
2-2: Ball
3-2: DOUBLE (Line Drive, 9LM, EV 110.6 MPH)
Batting: RHB Chris McBride 0-0: Ball
1-0: Ball
2-0: Fly out, F7 (Flyball, 7D, EV 98.1 MPH)
Batting: RHB Daron Mack 0-0: Ball
1-0: Ball
2-0: Ball
3-0: Base on Balls
Batting: RHB Josip Primorac 0-0: Ball
1-0: Called Strike
1-1: Ball
2-1: Called Strike
2-2: Ball
3-2: Fly out, F4 (Line Drive, 4, EV 70.6 MPH)
Top of the 3rd over - 0 runs, 1 hit, 0 errors, 2 left on base; Caldwell 1 - Provo 0
BOTTOM OF THE 3RD
Provo Mango batting - Pitching for Caldwell Chiefs : RHP Lloyd Stinson
Batting: LHB Kyle Mullens 0-0: Swinging Strike
0-1: Called Strike
0-2: Ball
1-2: Ball
2-2: Foul Ball, location: 2F
2-2: Ball
3-2: Base on Balls
Batting: RHB Kian Hook 0-0: Fielders Choice at 2nd, 6-4 (Groundball, 56, EV 104.4 MPH)
Batting: LHB Yin-fat Fou 0-0: Called Strike
0-1: Swinging Strike
0-2: Ground out 3-1 (Groundball, 3, EV 80.0 MPH)
Kian Hook to second
Batting: LHB Braxton Cottongame 0-0: Ball
1-0: Called Strike
1-1: Ground out 4-3 (Groundball, 4, EV 98.8 MPH)
Bottom of the 3rd over - 0 runs, 0 hits, 0 errors, 1 left on base; Caldwell 1 - Provo 0
TOP OF THE 4TH
Caldwell Chiefs batting - Pitching for Provo Mango : LHP Takejiro Masuda
Batting: RHB Ricardo Urby 0-0: SINGLE (Line Drive, 8RS, EV 91.2 MPH)
Batting: RHB Sayed Walid 0-0: Called Strike
0-1: Foul Ball, location: 2F
0-2: Strikes out swinging
Batting: RHB Dean Shamakani 0-0: Called Strike
0-1: Called Strike
0-2: Ball
1-2: Foul Ball, location: 2F
1-2: Strikes out swinging
Batting: RHB Jacob King 0-0: Reached on error, E6 (Groundball, 6, EV 100.6 MPH)
Ricardo Urby to second
Batting: RHB Junji Ito 0-0: Ball
1-0: Called Strike
1-1: Ball
2-1: Ball
3-1: Base on Balls
Ricardo Urby to third
Jacob King to second
Batting: RHB Miguel Contreras 0-0: SINGLE (Groundball, 6, EV 86.9 MPH) (infield hit)
Ricardo Urby scores
Jacob King to third
Junji Ito to second
Batting: RHB Chris McBride 0-0: Foul Ball, location: 2F
0-1: Swinging Strike
0-2: Strikes out swinging
Top of the 4th over - 1 run, 2 hits, 1 error, 3 left on base; Caldwell 2 - Provo 0
BOTTOM OF THE 4TH
Provo Mango batting - Pitching for Caldwell Chiefs : RHP Lloyd Stinson
Batting: RHB Ding-bong Wang 0-0: Ground out 6-3 (Groundball, 6M, EV 90.6 MPH)
Batting: RHB Paul Prichard 0-0: Called Strike
0-1: Called Strike
0-2: Ball
1-2: Ground out 4-3 (Groundball, 4S, EV 69.4 MPH)
Batting: RHB Jesús Espinoza 0-0: Ball
1-0: SINGLE (Line Drive, 7S, EV 90.6 MPH)
Batting: SHB Will Hamilton 0-0: Ball
1-0: Foul Ball, location: 2F
1-1: Ball
2-1: Ball
3-1: Foul Ball, location: 2F
3-2: Foul Ball, location: 2F
3-2: Fly out, F9 (Flyball, 9, EV 84.4 MPH)
Bottom of the 4th over - 0 runs, 1 hit, 0 errors, 1 left on base; Caldwell 2 - Provo 0
TOP OF THE 5TH
Caldwell Chiefs batting - Pitching for Provo Mango : LHP Takejiro Masuda
Batting: RHB Daron Mack 0-0: Ball
1-0: Foul Ball, location: 2F
1-1: Ball
2-1: Called Strike
2-2: Ball
3-2: Ground out 1-3 (Groundball, 15S, EV 68.8 MPH)
Batting: RHB Josip Primorac 0-0: Fly out, F9 (Flyball, 89D, EV 108.8 MPH)
Batting: RHB Ricardo Urby 0-0: Called Strike
0-1: Fly out, F4 (Popup, 4, EV 63.1 MPH)
Top of the 5th over - 0 runs, 0 hits, 0 errors, 0 left on base; Caldwell 2 - Provo 0
BOTTOM OF THE 5TH
Provo Mango batting - Pitching for Caldwell Chiefs : RHP Lloyd Stinson
Batting: RHB Charley Foijens 0-0: Foul Ball, location: 2F
0-1: Fly out, F4 (Line Drive, 4, EV 66.9 MPH)
Batting: LHB Kyle Mullens 0-0: Ball
1-0: Called Strike
1-1: Foul Ball, location: 2F
1-2: Ball
2-2: SINGLE (Line Drive, 6D, EV 101.9 MPH)
Batting: RHB Kian Hook 0-0: DOUBLE (Line Drive, 89D, EV 114.4 MPH)
Kyle Mullens to third
Runner from 3rd tries for Home, SAFE, no throw by CF
Batting: LHB Yin-fat Fou 0-0: Ball
1-0: Called Strike
1-1: Ball
2-1: Swinging Strike
2-2: Strikes out swinging
Batting: LHB Braxton Cottongame 0-0: Foul Ball, location: 2F
0-1: Foul Ball, location: 2F
0-2: Ball
1-2: Ball
2-2: Ball
3-2: Foul Ball, location: 2F
3-2: SINGLE (Line Drive, 4D, EV 99.4 MPH)
Kian Hook to third
Kian Hook scores
Batting: RHB Ding-bong Wang 0-0: Called Strike
0-1: Fielders Choice at 2nd, 6-4 (Groundball, 6, EV 108.8 MPH)
Bottom of the 5th over - 2 runs, 3 hits, 0 errors, 1 left on base; Caldwell 2 - Provo 2
TOP OF THE 6TH
Caldwell Chiefs batting - Pitching for Provo Mango : LHP Takejiro Masuda
Batting: RHB Sayed Walid 0-0: Called Strike
0-1: Called Strike
0-2: Strikes out swinging
Batting: RHB Dean Shamakani 0-0: Called Strike
0-1: Foul Ball, location: 2F
0-2: Strikes out looking
Batting: RHB Jacob King 0-0: Swinging Strike
0-1: Ball
1-1: Swinging Strike
1-2: Strikes out swinging
Top of the 6th over - 0 runs, 0 hits, 0 errors, 0 left on base; Caldwell 2 - Provo 2
BOTTOM OF THE 6TH
Provo Mango batting - Pitching for Caldwell Chiefs : RHP Lloyd Stinson
Batting: RHB Paul Prichard 0-0: Called Strike
0-1: Fly out, F7 (Flyball, 7S, EV 86.2 MPH)
Batting: RHB Jesús Espinoza 0-0: Ball
1-0: Ball
2-0: Called Strike
2-1: Called Strike
2-2: SINGLE (Line Drive, 4M, EV 96.2 MPH)
Batting: SHB Will Hamilton 0-0: Fly out, F9 (Flyball, 9, EV 88.8 MPH)
Batting: RHB Charley Foijens 0-0: Ball
1-0: SINGLE (Line Drive, 4M, EV 110.6 MPH)
Jesús Espinoza to second
Batting: LHB Kyle Mullens 0-0: Ground out 4-3 (Groundball, 4, EV 99.4 MPH)
Bottom of the 6th over - 0 runs, 2 hits, 0 errors, 2 left on base; Caldwell 2 - Provo 2
TOP OF THE 7TH
Caldwell Chiefs batting - Pitching for Provo Mango : LHP Takejiro Masuda
Batting: RHB Junji Ito 0-0: Foul Ball, location: 2F
0-1: Foul Ball, location: 2F
0-2: Ball
1-2: Foul Ball, location: 2F
1-2: Strikes out swinging
Pitching: RHP José Castro
Batting: RHB Miguel Contreras 0-0: Ball
1-0: Ball
2-0: Foul Ball, location: 2F
2-1: Fly out, F2 (Popup, 25F, EV 91.9 MPH)
Batting: RHB Chris McBride 0-0: SINGLE (Flyball, 9S, EV 86.2 MPH)
Batting: RHB Daron Mack 0-0: Called Strike
0-1: Ball
1-1: Ball
2-1: SINGLE (Line Drive, 89M, EV 104.4 MPH)
Chris McBride to second
Runner from 2nd tries for 3rd, SAFE, no throw by CF
Batting: RHB Josip Primorac 0-0: Ball
1-0: Ball
2-0: Ball
3-0: Base on Balls
Daron Mack to second
Batting: RHB Ricardo Urby 0-0: Ball
1-0: Ball
2-0: Ball
3-0: Base on Balls
Chris McBride scores
Daron Mack to third
Josip Primorac to second
Batting: RHB Sayed Walid 0-0: Swinging Strike
0-1: Ball
1-1: Called Strike
1-2: Foul Ball, location: 2F
1-2: Ball
2-2: Ball
3-2: Fly out, F9 (Flyball, 89D, EV 103.1 MPH)
Top of the 7th over - 1 run, 2 hits, 0 errors, 3 left on base; Caldwell 3 - Provo 2
BOTTOM OF THE 7TH
Provo Mango batting - Pitching for Caldwell Chiefs : RHP Lloyd Stinson
Pitching: RHP Juan David Pozo
Batting: RHB Kian Hook 0-0: Ball
1-0: Foul Ball, location: 2F
1-1: Foul Ball, location: 2F
1-2: Ball
2-2: Strikes out looking
Batting: LHB Yin-fat Fou 0-0: SINGLE (Groundball, 34D, EV 100.0 MPH)
Batting: LHB Braxton Cottongame 0-0: Foul Ball, location: 2F
0-1: Foul Ball, location: 2F
0-2: Ball
1-2: Foul Ball, location: 2F
1-2: Ball
2-2: Foul Ball, location: 2F
2-2: Strikes out looking
Pinch Hitting: LHB José Jiménez 0-0: Called Strike
0-1: Foul Ball, location: 2F
0-2: Foul Ball, location: 2F
0-2: Ball
1-2: Foul Ball, location: 2F
1-2: Ball
2-2: Strikes out looking
Bottom of the 7th over - 0 runs, 1 hit, 0 errors, 1 left on base; Caldwell 3 - Provo 2
TOP OF THE 8TH
Caldwell Chiefs batting - Pitching for Provo Mango : RHP José Castro
Now in CF: Daniel Woods
Batting: RHB Dean Shamakani 0-0: Called Strike
0-1: Swinging Strike
0-2: Strikes out swinging
Batting: RHB Jacob King 0-0: Called Strike
0-1: Ball
1-1: Ball
2-1: SINGLE (Line Drive, 7S, EV 103.8 MPH)
Pitching: RHP Danny Zegwaard
Batting: RHB Junji Ito 0-0: Called Strike
0-1: Foul Ball, location: 2F
0-2: Ball
1-2: Ball
2-2: Foul Ball, location: 2F
2-2: Ball
3-2: Foul Ball, location: 2F
3-2: Strikes out swinging
Batting: RHB Miguel Contreras 0-0: Ball
1-0: Called Strike
1-1: Ball
2-1: Foul Ball, location: 2F
2-2: Strikes out swinging
Top of the 8th over - 0 runs, 1 hit, 0 errors, 1 left on base; Caldwell 3 - Provo 2
BOTTOM OF THE 8TH
Provo Mango batting - Pitching for Caldwell Chiefs : RHP Juan David Pozo
Batting: RHB Paul Prichard 0-0: Called Strike
0-1: Foul Ball, location: 2F
0-2: Foul Ball, location: 2F
0-2: Strikes out looking
Batting: RHB Jesús Espinoza 0-0: Ball
1-0: Ball
2-0: Called Strike
2-1: Foul Ball, location: 2F
2-2: Ball
3-2: Strikes out swinging
Batting: SHB Will Hamilton 0-0: Foul Ball, location: 2F
0-1: Ball
1-1: Foul Ball, location: 2F
1-2: Ball
2-2: SINGLE (Line Drive, 8RS, EV 91.2 MPH)
Pinch Hitting: RHB Quinn Lynch 0-0: Called Strike
0-1: Ball
1-1: Ball
2-1: Hit by Pitch
Will Hamilton to second
Batting: LHB Kyle Mullens 0-0: Called Strike
0-1: Fielders Choice at 2nd, 5-4 (Groundball, 5, EV 85.6 MPH)
Bottom of the 8th over - 0 runs, 1 hit, 0 errors, 2 left on base; Caldwell 3 - Provo 2
TOP OF THE 9TH
Caldwell Chiefs batting - Pitching for Provo Mango : RHP Danny Zegwaard
Now in LF: George Mota
Batting: RHB Chris McBride 0-0: Ball
1-0: Foul Ball, location: 2F
1-1: Called Strike
1-2: Strikes out swinging
Batting: RHB Daron Mack 0-0: Called Strike
0-1: Swinging Strike
0-2: Ball
1-2: Ball
2-2: Foul Ball, location: 2F
2-2: Strikes out swinging
Batting: RHB Josip Primorac 0-0: Reached on error, E5 (Groundball, 56S, EV 80.6 MPH)
Batting: RHB Ricardo Urby 0-0: Called Strike
0-1: Called Strike
0-2: Foul Ball, location: 2F
0-2: Fielders Choice at 2nd, 6-4 (Groundball, 6, EV 85.6 MPH)
Top of the 9th over - 0 runs, 0 hits, 1 error, 1 left on base; Caldwell 3 - Provo 2
BOTTOM OF THE 9TH
Provo Mango batting - Pitching for Caldwell Chiefs : RHP Juan David Pozo
Pitching: RHP Brandon Hughes
Now in RF: Louie Kennard
Pinch Hitting: LHB Marcos García 0-0: Called Strike
0-1: SINGLE (Line Drive, 78M, EV 106.2 MPH)
Pitching: LHP Vasile Alexandrescu
Batting: LHB Yin-fat Fou 0-0: Called Strike
0-1: Ball
1-1: Ball
2-1: SINGLE (Line Drive, 78S, EV 100.6 MPH)
Marcos García to second
Batting: LHB Braxton Cottongame 0-0: Swinging Strike
0-1: Ball
1-1: Ball
2-1: Called Strike
2-2: Foul Ball, location: 2F
2-2: Foul Ball, location: 2F
2-2: Strikes out swinging
Batting: RHB Daniel Woods 0-0: DOUBLE (Line Drive, 78D, EV 113.1 MPH)
Marcos García scores
Yin-fat Fou to third
Runner from 3rd tries for Home, SAFE, throw by LF to home
Thursday, January 23rd, 2020 - OOTP Baseball 20.8 Build 74